 Dungeon Crawl Stone Soup version 0.30-a0-711-gf4ac18a38d (webtiles) character file.

Game seed: 9261362435434564786

3 voltaire321 the Stinger (level 1, -3/11 (13) HPs)
             Began as a Merfolk Venom Mage on Jan 22, 2023.
             Slain by a kobold
             ... wielding a +2 dagger of draining
              (5 damage)
             ... on level 1 of the Dungeon.
             The game lasted 00:00:53 (86 turns).

voltaire321 the Stinger (Merfolk Venom Mage)          Turns: 86, Time: 00:00:54

HP:   -3/11 (13)    AC:  2    Str:  8    XL:     1   Next: 50%
MP:   0/3           EV: 12    Int: 14    God:
Gold: 0             SH:  0    Dex: 14    Spells: 3/4 levels left

rFire   . . .      SeeInvis .    d - +0 dagger
rCold   . . .      Faith    .    (no shield)
rNeg    . . .      Spirit   .    a - +0 robe
rPois   .          Reflect  .    (no helmet)
rElec   .          Harm     .    (no cloak)
rCorr   .          Rampage  .    (no gloves)
Will    .....                    (no boots)
Stlth   ++                       (no amulet)
HPRegen 0.21/turn                (no ring)
MPRegen 0.08/turn                (no ring)

@: heavily drained
A: (nimble swimmer 2), mertail
a: no special abilities


You were on level 1 of the Dungeon.
You visited 1 branch of the dungeon, and saw 1 of its levels.

Inventory:

Hand Weapons
 d - a +0 dagger (weapon)
Armour
 a - a +0 robe (worn)
Scrolls
 c - a scroll of identify {unknown}
Potions
 b - a potion of magic


   Skills:
 + Level 2.8 Dodging
 + Level 2.2 Stealth
 + Level 2.0 Spellcasting
 + Level 1.5 Transmutations
 + Level 3.3 Poison Magic


You had 3 spell levels left.
You knew the following spells:

 Your Spells              Type           Power      Damage    Failure   Level
a - Sting                 Tmut/Pois      32%        1d4       9%          1

Your spell library contained the following spells:

 Spells                   Type           Power      Damage    Failure   Level
 Poisonous Vapours        Pois/Air       12%        N/A       19%         2
 Mephitic Cloud           Conj/Pois/Air  4%         N/A       41%         3
 Olgreb's Toxic Radiance  Pois           10%        N/A       52%         4


Dungeon Overview and Level Annotations

Branches:
Dungeon (1/15)

Altars:


Innate Abilities, Weirdness & Mutations

((You are very nimble when in or above water. (Stealth+, EV+, Speed+++)))
Your lower body shifts to a powerful aquatic tail in water.


Message History

A kobold comes into view. It is wielding a +0 short sword.
The kobold attacks as you move away! The kobold hits you with a +0 dagger.
The kobold attacks as you move away! The kobold closely misses you.
The kobold attacks as you move away! The kobold hits you with a +0 dagger.
Aiming: Sting (safe; 9% risk of failure)
Press: ? - help, Q - select action Shift-Dir - straight line, f/p - kobold
Aim: a kobold, wielding a +0 dagger (60% to hit)
The sting hits the kobold.
The kobold is poisoned.
The kobold is severely wounded.
You kill the kobold!
You start resting.
A rat is nearby!
Things that are here:
a +0 dagger; a kobold corpse
d - a +0 dagger The rat closely misses you.
d - a +0 dagger (weapon)
You hit the rat but do no damage. The rat closely misses you.
You barely miss the rat. The rat bites you.
You closely miss the rat. The rat barely misses you.
You barely miss the rat. The rat bites you but does no damage.
You hit the rat but do no damage. The rat closely misses you.
You barely miss the rat. The rat closely misses you.
The rat attacks as you move away! The rat bites you.
Found 10 gold pieces.
You hit the rat.
You kill the rat!
Aiming: Sting (safe; 9% risk of failure)
Press: ? - help, Q - select action Shift-Dir - straight line, f - kobold
Aim: a kobold, wielding a +2 dagger of draining (60% to hit)
The sting misses the kobold.
The kobold hits you with a +2 dagger of draining.
You feel drained.
You hit the kobold but do no damage.
The kobold hits you with a +2 dagger of draining.
* * * LOW HITPOINT WARNING * * *
You feel drained.
You closely miss the kobold.
The kobold hits you with a +2 dagger of draining.
You die...

#....# #.#<.#
#....# ..####
#...r##### ##
#......# #.#
#...##.##...
#...##..#.#
#...###...#
###..#†w.##
##@#K#....#
..####K#.####.#
.......w.......#
...####.########
.... #.....
#....$. #######


You could see a dart slug and a kobold.

Vanquished Creatures
  A kobold (D:1)
  A ball python (D:1)
  A bat (D:1)
  A rat (D:1)
4 creatures vanquished.

Notes
Turn   | Place    | Note
-------+----------+-------------------------------------------
     0 | D:1      | voltaire321 the Merfolk Venom Mage began the quest for the
                  | Orb.
     0 | D:1      | Reached XP level 1. HP: 13/13 MP: 3/3
    86 | D:1      | Slain by a kobold

Illustrated notes

Levels and vault maps discovered:
D:1:      onia_arrival_mini_spirals, layout_rooms, dk_noncrumbling_4,
          chequers_jeans, nrook_uturn

Action                     || total
---------------------------++-------
  Melee: Dagger            ||     9
         Unarmed           ||     1
   Cast: Sting             ||     7
 Armour: Robe              ||     4
  Dodge: Dodged            ||     8

Table legend: (Time is in decaauts)
 A = Elapsed time spent in this place.
 B = Non-inter-level travel time spent in this place.
 C = Inter-level travel time spent in this place.
 D = Time resting spent in this place.
 E = Time spent auto-exploring this place.
 F = Levels seen in this place.
 G = Mean time per level.
                   A        B        C        D        E       F      G
               +--------+--------+--------+--------+--------+-----+--------+
         Total |     85 |     85 |      0 |     21 |      6 |   1 |   85.0 |
       Dungeon |     85 |     85 |      0 |     21 |      6 |   1 |   85.0 |
               +--------+--------+--------+--------+--------+-----+--------+

Top non-repeatable levels by time:
     D:1: 85 daAuts
